 Dungeon Crawl Stone Soup version 0.31-a0-667-g39726597b9 (webtiles) character file.

Game seed: 11722749740719956285

16 Bravepunisher the Ducker (level 2, -5/16 HPs)
             Began as a Spriggan Monk on Sept 3, 2023.
             Killed from afar by Jessica (13 damage)
             ... with a puff of flame
             ... on level 2 of the Dungeon.
             The game lasted 00:01:14 (198 turns).

Bravepunisher the Ducker (Spriggan Monk)             Turns: 198, Time: 00:01:15

Health: -5/16      AC:  2    Str:  7    XL:     2   Next: 41%
Magic:  3/3        EV: 19    Int: 11    God:
Gold:   5          SH:  0    Dex: 17    Spells: 1/1 levels left

rFire   . . .        a - +0 short sword
rCold   . . .        d - orb {light}
rNeg    . . .        b - +0 robe
rPois   +            (helmet restricted)
rElec   .            (no cloak)
rCorr   .            (gloves unavailable)
SInv    +            (boots unavailable)
Will    .....        (no amulet)
Stlth   +            h - ring of poison resistance
HPRegen 0.22/turn    (no ring)
MPRegen 0.08/turn

%: no passive effects
@: slowed, glowing, quick
A: very small, no large weapons, unfitting armour, see invisible, speed 3
a: no special abilities


You were on level 2 of the Dungeon.
You visited 1 branch of the dungeon, and saw 2 of its levels.

You collected 5 gold pieces.

Inventory:

Hand Weapons
 a - a +0 short sword (weapon)
Armour
 b - a +0 robe (worn)
 d - an orb of light (worn)
Jewellery
 h - a ring of poison resistance (left hand)
Scrolls
 e - a scroll of teleportation {unknown}
 g - a scroll of enchant armour {unknown}


   Skills:
 + Level 2.6 Fighting
 - Level 3.2 Short Blades
 * Level 4.8 Dodging


You had one spell level left.
You didn't know any spells.
Your spell library contained the following spells:

 Spells                   Type           Power      Damage    Failure   Level
 Slow                     Hex            0%         N/A       34%         1
 Confusing Touch          Hex            0%         N/A       71%         3
 Vampiric Draining        Necr           0%         2d6       71%         3


Dungeon Overview and Level Annotations

Branches:
Dungeon (2/15)

Altars:

Annotations:
D:2 Jessica


Innate Abilities, Weirdness & Mutations

You are very small and have problems with some larger weapons.
You are too small for most types of armour.
You have supernaturally acute eyesight. (SInv)
You cover ground extremely quickly. (Speed+++)


Message History

The adder completely misses you.
You hit the adder but do no damage.
The adder is almost dead.
* * * LOW HITPOINT WARNING * * *
You feel sick. Jessica completely misses you. The adder closely misses you.
You hit the adder.
You kill the adder!
* * * LOW HITPOINT WARNING * * *
You feel sick.
Jessica gestures wildly while chanting.
Jessica blinks!
You have reached level 2!
Okay, then.
You are confused.
You feel invigorated.
You feel sick.
You are no longer poisoned.
A giant cockroach comes into view.
The goblin completely misses you.
Jessica points at you and mumbles some strange words.
You feel yourself slow down.
It was a potion of heal wounds.
You feel much better. The goblin barely misses you.
Jessica zaps a wand.
The puff of flame hits you!
Ouch! That really hurt!
Unknown command.
You bump into the rock wall.
You feel less invigorated.
You feel less confused. The goblin hits you with a +0 dagger.
The goblin hits you but does no damage.
Unknown command.
You hit the goblin.
You kill the goblin!
Jessica gestures wildly while chanting.
Jessica seems to speed up.
Unknown command.
You see here a +0 dagger.
Jessica very coldly says, "I hate your company."
Jessica misses you. Jessica hits you with a +0 club.
Jessica attacks as she pursues you! Jessica barely misses you.
Jessica zaps a wand.
The puff of flame hits you!
Ouch! That really hurt!
You die...

.# .# ## .# #.# .#
#.## .# ## ###.##.#
#.##.##......######
#....<..@.@.......
.####..B###.####.#
##.## .# #)# .# #.#
.# #.# .# #.####.#
##.#..@.# #....#


You could see Jessica (fast) and a giant cockroach.

Vanquished Creatures
  An adder (D:2)
  An endoplasm (D:1)
  2 goblins
  A ball python (D:1)
  A frilled lizard (D:1)
  3 rats (D:1)
9 creatures vanquished.

Notes
Turn   | Place    | Note
-------+----------+-------------------------------------------
     0 | D:1      | Bravepunisher the Spriggan Monk began the quest for the
                  | Orb.
     0 | D:1      | Reached XP level 1. HP: 11/11 MP: 2/2
   175 | D:2      | Noticed Jessica
   188 | D:2      | Reached XP level 2. HP: 1/16 MP: 3/3
   198 | D:2      | Killed from afar by Jessica

Illustrated notes

Levels and vault maps discovered:
D:1:      ncdulo_wetmaze, layout_basic
D:2:      layout_loops_ring, uniq_crazy_yiuf_cottage, uniq_terence,
          uniq_jessica, uniq_robin

Action                     || total
---------------------------++-------
  Melee: Short sword       ||    22
    Use: Potion            ||     2
 Armour: Robe              ||    10
  Dodge: Dodged            ||    18

Table legend: (Time is in decaauts)
 A = Elapsed time spent in this place.
 B = Non-inter-level travel time spent in this place.
 C = Inter-level travel time spent in this place.
 D = Time resting spent in this place.
 E = Time spent auto-exploring this place.
 F = Levels seen in this place.
 G = Mean time per level.
                   A        B        C        D        E       F      G
               +--------+--------+--------+--------+--------+-----+--------+
         Total |    139 |    139 |      0 |      0 |     64 |   2 |   69.5 |
       Dungeon |    139 |    139 |      0 |      0 |     64 |   2 |   69.5 |
               +--------+--------+--------+--------+--------+-----+--------+

Top non-repeatable levels by time:
     D:1: 96 daAuts
     D:2: 42 daAuts
